 Dungeon Crawl Stone Soup version 0.30.0-29-ga12c61a403 (webtiles) character file.

Game seed: 10304253083023255537

227 BONEBRO the Chiller (level 5, 0/43 HPs)
             Began as a Demonspawn Ice Elementalist on June 22, 2023.
             Slain by an orc wizard
             ... wielding a +0 dagger
              (3 damage)
             ... on level 5 of the Dungeon.
             The game lasted 00:11:17 (3499 turns).

BONEBRO the Chiller (Demonspawn Ice Elementalist)   Turns: 3499, Time: 00:11:18

Health: 0/43       AC:  4    Str: 14    XL:     5   Next: 70%
Magic:  8/8        EV: 17    Int: 19    God:
Gold:   202        SH:  0    Dex: 13    Spells: 4/8 levels left

rFire   . . .        (no weapon)
rCold   . . .        (no shield)
rNeg    . . .        a - +0 robe
rPois   .            b - +0 helmet
rElec   .            (no cloak)
rCorr   .            (no gloves)
SInv    .            (no boots)
Will    .....        h - amulet of reflection
Stlth   +            n - +5 ring of evasion
HPRegen 0.27/turn    p - +6 ring of strength
MPRegen 0.11/turn

%: reflection
@: confused, brilliant
A: rugged brown scales 1, ignite blood 1, demonic touch 1
a: no special abilities


You were on level 5 of the Dungeon.
You visited 1 branch of the dungeon, and saw 5 of its levels.

You collected 202 gold pieces.

Inventory:

Hand Weapons
 c - a +0 dagger
Armour
 a - a +0 robe (worn)
 b - a +0 helmet (worn)
Magical Staves
 l - a staff of fire
Jewellery
 h - an amulet of reflection (around neck)
 n - a +5 ring of evasion (left hand)
 p - a +6 ring of strength (right hand)
Wands
 m - a wand of iceblast (9)
Scrolls
 d - 2 scrolls of noise {unknown}
 e - 2 scrolls of vulnerability {unknown}
 i - 5 scrolls of identify {unknown}
 r - a scroll of fog {unknown}
 t - a scroll of enchant weapon {unknown}
Potions
 f - 2 potions of attraction {unknown}
 g - a potion of mutation {unknown}
 j - 3 potions of brilliance
 k - a potion of flight {unknown}
 o - 2 potions of curing {unknown}
 q - a potion of heal wounds {unknown}
 s - a potion of haste {unknown}
 u - a potion of degeneration {unknown}


   Skills:
 + Level 4.1 Fighting
 - Level 1.7 Dodging
 - Level 1.7 Stealth
 - Level 2.0 Spellcasting
 - Level 5.0 Ice Magic


You had 4 spell levels left.
You knew the following spells:

 Your Spells              Type           Power      Damage    Failure   Level
a - Freeze                Ice            100%       1d10      2%          1
b - Ozocubu's Armour      Ice            31%        N/A       6%          3

Your spell library contained the following spells:

 Spells                   Type           Power      Damage    Failure   Level
 Frozen Ramparts          Ice            62%        1d10      6%          3
 Cigotuvi's Dreadful Rot  Necr/Pois/Air  4%         N/A       26%         2
 Ignite Poison            Fire/Tmut/Pois 2%         N/A       45%         3
 Summon Guardian Golem    Hex/Summ       2%         N/A       45%         3
 Summon Ice Beast         Ice/Summ       17%        N/A       52%         4
 Freezing Cloud           Conj/Ice/Air   6%         6-21      94%         5
 Orb of Destruction       Conj           1%         9d5       100%        7
 Spellforged Servitor     Conj/Summ      1%         N/A       100%        7


Dungeon Overview and Level Annotations

Branches:
Dungeon (5/15)
 Temple: D:4-7

Altars:
Uskayaw

Shops:
D:1 !**?[

Annotations:
D:4 Blork the orc


Innate Abilities, Weirdness & Mutations

You are partially covered in rugged brown scales. (AC +1, +3% HP)
Your demonic aura sometimes causes spilled blood to erupt in flames.
Your touch may inflict minor irresistible damage on your foes.


Message History

You bump into the rock wall.
You hear some strange, mumbled words.
A magic dart appears from out of thin air!
The magic dart hits you.
You bump into the rock wall.
You hear some strange, mumbled words.
Something tries to affect you, but you resist.
You closely miss something.
You hear some strange, mumbled words.
A magic dart appears from out of thin air!
The magic dart hits you.
You bump into the rock wall.
Something hits you.
* * * LOW HITPOINT WARNING * * *
You miss something. Something hits you.
* * * LOW HITPOINT WARNING * * *
You're too confused to cast spells.
You miss something. Your touch misses something.
Something hits you but does no damage.
You hit something but do no damage. Something barely misses you.
You bump into the rock wall.
You hear some strange, mumbled words.
A magic dart appears from out of thin air!
The magic dart hits you.
* * * LOW HITPOINT WARNING * * *
You closely miss something.
You hear some strange, mumbled words.
You are more confused.
It was a potion of brilliance.
You feel clever all of a sudden.
You hear some strange, mumbled words.
A puff of flame appears from out of thin air!
The puff of flame hits you.
* * * LOW HITPOINT WARNING * * *
You bump into the rock wall.
Something hits you.
* * * LOW HITPOINT WARNING * * *
You closely miss something. Your touch misses something.
You hear some strange, mumbled words.
Something tries to affect you, but you resist.
Something hits you.
You die...

######
#.).{#
#.##@# # #.#
#.# #.#
######.#
#......#####
#.######...#
#.#....#...#
#.#.##.#...#


There were no monsters in sight!

Vanquished Creatures
  2 hounds
  An iguana (D:4)
  Natasha (D:4)
  Robin (D:4)
  3 adders
  A worm (D:3)
  3 dart slugs
  3 orcs
  4 ball pythons
  4 bats
  3 endoplasms
  A giant cockroach (D:1)
  16 goblins
  7 hobgoblins
  4 jackals (D:3)
  2 quokkas
  4 frilled lizards
  4 kobolds
  A rat (D:3)
65 creatures vanquished.

Notes
Turn   | Place    | Note
-------+----------+-------------------------------------------
     0 | D:1      | BONEBRO the Demonspawn Ice Elementalist began the quest for
                  | the Orb.
     0 | D:1      | Reached XP level 1. HP: 13/13 MP: 3/3
    93 | D:1      | Reached skill level 4 in Ice Magic
   190 | D:1      | Found Kassoil's General Store.
   194 | D:1      | Found Hith's Distillery.
   209 | D:1      | Gained mutation: Your demonic aura sometimes causes spilled
                  | blood to erupt in flames. [demonic ancestry]
   209 | D:1      | Reached XP level 2. HP: 15/19 MP: 1/5
   836 | D:1      | Found Waoff's Armour Emporium.
   957 | D:1      | Found Binao's Assorted Antiques.
  1042 | D:1      | Found Ohootemm's Magic Scroll Shop.
  1357 | D:2      | Gained mutation: You are partially covered in rugged brown
                  | scales. (AC +1, +3% HP) [demonic ancestry]
  1357 | D:2      | Reached XP level 3. HP: 17/24 MP: 1/6
  1651 | D:3      | Noticed an ogre
  1854 | D:3      | Reached skill level 5 in Ice Magic
  1964 | D:3      | Learned a level 3 spell: Ozocubu's Armour
  2088 | D:3      | Reached skill level 1 in Fighting
  2088 | D:3      | Gained mutation: Your touch may inflict minor irresistible
                  | damage on your foes. [demonic ancestry]
  2088 | D:3      | Reached XP level 4. HP: 32/32 MP: 2/7
  2545 | D:4      | Noticed Blork the orc
  2556 | D:4      | HP: 1/32 [Blork the orc/+2 trident of freezing (2)]
  2573 | D:5      | Entered Level 5 of the Dungeon
  2746 | D:4      | Noticed Robin
  2757 | D:4      | Killed Robin
  2897 | D:4      | Found a hide-covered altar of Uskayaw.
  3048 | D:4      | Noticed Natasha
  3053 | D:4      | Killed Natasha
  3054 | D:4      | Reached XP level 5. HP: 42/42 MP: 4/8
  3268 | D:4      | Noticed an ogre
  3497 | D:5      | HP: 2/43 [something (1)]
  3499 | D:5      | Slain by an orc wizard

Illustrated notes

Levels and vault maps discovered:
D:1:      lemuel_arrival_cross, layout_basic, serial_shops,
          nicolae_shop_just_a_little_nook, nicolae_shop_rolled_up, shop, shop,
          nicolae_shop_pleasant_corner_grove
D:2:      wander_river, layout_rooms
D:3:      layout_basic, mainiacjoe_overflow_boulevard
D:4:      layout_basic, mainiacjoe_overflow_chevrons, uniq_natasha,
          uniq_blork_the_orc, uniq_robin
D:5:      layout_basic, minmay_temple_entry_stoned_glass, patterned_corridor

Skill      XL: |  1  2  3  4  5 |
---------------+----------------+-----
Ice Magic      | 4 5 |  5.0
Fighting       | 1 3 4 |  4.1
Dodging        | |  1.7
Stealth        | |  1.7
Spellcasting   | |  2.0

Action                     |  1- 3 |  4- 6 || total
---------------------------+-------+-------++-------
  Melee: Unarmed           |     1 |    46 ||    47
         Dagger            |    36 |       ||    36
         Touch             |       |     8 ||     8
         Punch             |       |     1 ||     1
   Cast: Freeze            |    58 |    47 ||   105
         Ozocubu's Armour  |       |     2 ||     2
    Use: Potion            |       |     2 ||     2
         Scroll            |       |     1 ||     1
 Armour: Robe              |    21 |    11 ||    32
  Dodge: Dodged            |    57 |    40 ||    97
  Block: Other             |    21 |     7 ||    28
         Reflection        |     2 |       ||     2
